 Dungeon Crawl Stone Soup version 0.30-a0-177-g1cb5dbfd7a (webtiles) character file.

Game seed: 9333779814106057505

71 KennySheep the Trooper (level 4, -3/49 HPs)
             Began as an Ogre Fighter on Oct 3, 2022.
             Slain by a white imp (5 damage)
             ... summoned by Natasha
             ... on level 2 of the Dungeon.
             The game lasted 00:03:09 (1072 turns).

KennySheep the Trooper (Ogre Fighter)               Turns: 1072, Time: 00:03:09

Health: -3/49      AC:  3    Str: 26    XL:     4   Next: 24%
Magic:  4/4        EV:  8    Int:  9    God:
Gold:   33         SH:  0    Dex:  8    Spells: 3/3 levels left

rFire   + . .      SeeInvis .    a - +0 flail
rCold   . . .      Faith    .    c - +0 kite shield
rNeg    . . .      Spirit   .    b - +0 robe
rPois   .          Reflect  .    (helmet restricted)
rElec   +          Harm     .    (no cloak)
rCorr   .          Rampage  .    (gloves unavailable)
Will    .....                    (boots unavailable)
Stlth   +.........               i - amulet of magic regeneration
HPRegen 0.28/turn                f - ring of protection from fire
MPRegen 0.49/turn                k - ring "Tynaw" {Fly rElec Str+4 Slay+2}

@: confused, flying
A: large, unfitting armour, tough skin 1
a: no special abilities


You were on level 2 of the Dungeon.
You visited 1 branch of the dungeon, and saw 2 of its levels.

You collected 33 gold pieces.

Inventory:

Hand Weapons
 a - a +0 flail (weapon)
Armour
 b - a +0 robe (worn)
 c - a +0 kite shield (worn)
Jewellery
 f - a ring of protection from fire (left hand)
 i - an amulet of magic regeneration (around neck)
 k - the ring "Tynaw" (right hand) {Fly rElec Str+4 Slay+2}
   (You acquired it on level 2 of the Dungeon)

   [ring of flight]

   Str:       It affects your strength (+4).
   Slay:      It affects your accuracy & damage with ranged weapons and melee
   (+2).
   rElec:     It insulates you from electricity.
   Fly:       It grants you flight.
Scrolls
 e - 2 scrolls of teleportation
 h - a scroll of poison
Potions
 d - 2 potions of might
 g - a potion of curing {unknown}
 j - a potion of magic {unknown}
 l - a potion of attraction {unknown}


   Skills:
 + Level 4.7 Fighting
 + Level 2.4 Maces & Flails
 + Level 1.6 Throwing
 + Level 3.2 Dodging
 - Level 3.0 Shields


You had 3 spell levels left.
You didn't know any spells.
Your spell library contained the following spells:

 Spells                   Type           Power      Damage    Failure   Level
 Animate Dead             Necr           0%         N/A       100%        4
 Haunt                    Necr/Summ      0%         N/A       100%        7
 Infestation              Necr           0%         N/A       100%        8


Dungeon Overview and Level Annotations

Branches:
Dungeon (2/15)

Altars:

Annotations:
D:2 Natasha


Innate Abilities, Weirdness & Mutations

You are too large for most types of armour.
You have tough skin. (AC +1)


Message History

Found 10 gold pieces.
Natasha zaps a wand.
The bolt of light misses you.
Natasha drinks a potion.
Natasha flickers and vanishes!
Deactivating autopickup; reactivate with Ctrl-A.
No target in view!
No target in view!
Something claws you.
You miss something.
You hear some strange, mumbled words.
Something claws you.
You barely miss something. Something claws you.
The white imp lashes its tail.
The white imp gestures at you.
The puff of frost hits something.
You miss something. You block something's attack. Something claws you.
You miss something.
You hear some strange, mumbled words.
Something tries to affect you, but you resist.
The white imp gestures at you. The puff of frost misses you.
You miss something. Something claws you but does no damage.
The white imp gestures at you. The puff of frost hits you!
You miss something. Something claws you. The white imp closely misses you.
You hear a zap.
A bolt of light appears from out of thin air!
The bolt of light hits you!
You are confused.
* * * LOW HITPOINT WARNING * * *
You're too confused to move!
The white imp hits you but does no damage.
You hear a zap.
A bolt of light appears from out of thin air!
The bolt of light hits you.
You are more confused.
* * * LOW HITPOINT WARNING * * *
Okay, then.
The white imp attacks as you move away! The white imp hits you.
* * * LOW HITPOINT WARNING * * *
The white imp freezes you.
You die...

#...........# #...##............
#...........# #...........##.###
#...........# #...##..>....#.#
#...........###...####.#####.###
#....###...........#......<.....
...........#.#.###.#.###
...........#.#...#.#.#
.........#.#.....#.#.#
.......@.#.#######.#.#
......5{.#.. ..#.# .........# ##
###.# .......... ..# ....$...###
### ........# ........#
#########


You could see a white imp (summoned).

Vanquished Creatures
  Natasha (twice) (D:2)
  A worm (D:2)
  A ball python (D:2)
  2 endoplasms (D:1)
  4 hobgoblins
  4 bats (D:1)
  3 frilled lizards
  A goblin (D:1)
  2 rats (D:1)
20 creatures vanquished.

Notes
Turn   | Place    | Note
-------+----------+-------------------------------------------
     0 | D:1      | KennySheep the Ogre Fighter began the quest for the Orb.
     0 | D:1      | Reached XP level 1. HP: 24/24 MP: 1/1
    56 | D:1      | Found a faded altar of an unknown god.
   174 | D:1      | Reached XP level 2. HP: 24/32 MP: 2/2
   501 | D:1      | You fall into a shaft and drop 1 floor!
   894 | D:2      | Noticed Natasha
   901 | D:2      | Killed Natasha
   902 | D:2      | Reached skill level 1 in Throwing
   902 | D:2      | Reached XP level 3. HP: 32/40 MP: 3/3
   964 | D:2      | Noticed Natasha
   992 | D:2      | Killed Natasha
   993 | D:2      | Reached XP level 4. HP: 49/49 MP: 4/4
  1000 | D:2      | Identified a scroll of acquirement
  1001 | D:2      | Acquired the ring "Tynaw" {Fly rElec Str+4 Slay+2}
  1060 | D:2      | Noticed Natasha
  1072 | D:2      | HP: 2/49 [white imp[Natasha] (1)]
  1072 | D:2      | Slain by a white imp

Illustrated notes

Levels and vault maps discovered:
D:1:      noname_arrival_rooms_in_the_neighbourhood, layout_rooms,
          ebering_ecumenical_altar_box, grunt_decor_mini_mirrors,
          due_unseen_surprise
D:2:      layout_basic, uniq_natasha

Skill      XL: |  1  2 |
---------------+-------+-----
Maces & Flails | 2 |  2.4
Throwing       | 1 |  1.6
Dodging        | 3 |  3.2
Fighting       | |  4.7
Shields        | |  3.0

Action                   |  1- 3 |  4- 6 || total
-------------------------+-------+-------++-------
Melee: Flail             |    54 |    13 ||    67
  Use: Scroll            |     2 |     2 ||     4
Armor: Robe              |    27 |     2 ||    29
Dodge: Dodged            |    20 |     4 ||    24
Block: Kite shield       |    14 |     2 ||    16

Table legend: (Time is in decaauts)
 A = Elapsed time spent in this place.
 B = Non-inter-level travel time spent in this place.
 C = Inter-level travel time spent in this place.
 D = Time resting spent in this place.
 E = Time spent auto-exploring this place.
 F = Levels seen in this place.
 G = Mean time per level.
                   A        B        C        D        E       F      G
               +--------+--------+--------+--------+--------+-----+--------+
         Total |   1099 |   1052 |     47 |    167 |    644 |   2 |  549.5 |
       Dungeon |   1099 |   1052 |     47 |    167 |    644 |   2 |  549.5 |
               +--------+--------+--------+--------+--------+-----+--------+

Top non-repeatable levels by time:
     D:1: 709 daAuts
     D:2: 389 daAuts
